Map: New Gettysburg LE

Players

Tenonee

  • Race: Terran Terran
  • League: Platinum

NineMile - Winner!

  • Race: Terran Terran
  • League: Diamond

VOD

Have the link to the VOD?

Description

Time

  • Played on: July 24, 2016, 3:08 a.m.
  • Length: 6:11
Show
View Real Time Build Order
Export as new Build Order

Tenonee Terran 

Build Orders: Reaper Expand 

Get SALT Encoding   

  12  0:01  SCV  
  13  0:13  SCV  
  14  0:19  Supply Depot  
  14  0:25  SCV  
  15  0:40  SCV  
  16  0:43  Barracks  
  16  0:52  Refinery  
  16  0:54  SCV  
  17  1:06  SCV  
  17  1:10  Supply Depot  
  19  1:18  SCV  
  19  1:32  Orbital Command  
  19  1:37  Reaper  
  20  1:56  Command Center  
  20  1:58  SCV  
  21  2:10  SCV  
  22  2:15  Barracks Reactor  
  22  2:22  SCV  
  23  2:34  SCV  
  23  2:47  SCV  
  23  2:53  Reaper x2  
  24  2:59  SCV  
  24  3:05  Barracks  
  25  3:12  Barracks  
  24  3:20  SCV  
  24  3:32  SCV  
  25  3:34  Marine x2  
  25  3:39  Factory  
  27  3:44  SCV  
  28  3:51  Orbital Command  
  28  3:56  Barracks Tech Lab, Refinery, SCV  
  28  4:01  Barracks Reactor  
  28  4:02  Marine x2  
  28  4:08  SCV  
  31  4:19  SCV  
  31  4:20  Marine, SCV  
  34  4:24  Factory Tech Lab  
  34  4:26  Marine x2  
  36  4:31  SCV  
  36  4:33  SCV  
  36  4:38  Marine  
  38  4:42  Marine x2  
  38  4:43  Marine, Siege Tank, SCV  
  38  4:45  SCV  
  46  4:59  Supply Depot  
  46  5:00  Supply Depot  
  46  5:02  Marine  
  46  5:11  Marine  
  46  5:12  Marine  
  46  5:15  Marine  
  46  5:20  Supply Depot, Marine x2, SCV x2  
  50  5:22  Supply Depot  
  45  5:29  Marine  
  45  5:30  Marine  
  45  5:33  Marine  
  43  5:38  Marine x2  
  44  5:46  Marine  
  44  5:48  Marine  
  43  5:51  Marine  
  46  6:03  Starport  
Show
View Real Time Build Order
Export as new Build Order

NineMile Terran - Winner!

Build Orders: Reaper Expand 

Get SALT Encoding   

  12  0:01  SCV  
  13  0:13  SCV  
  14  0:19  Supply Depot  
  14  0:25  SCV  
  15  0:41  SCV  
  15  0:42  Barracks  
  16  0:46  Refinery  
  16  0:53  SCV  
  17  1:05  SCV  
  18  1:19  SCV  
  19  1:31  Reaper  
  19  1:32  Orbital Command  
  20  1:54  Command Center  
  20  2:01  Supply Depot  
  20  2:05  SCV  
  21  2:11  Factory  
  21  2:14  Marine  
  22  2:29  SCV  
  22  2:32  Marine  
  23  2:41  SCV  
  24  2:50  Marine  
  25  2:51  Refinery  
  25  2:53  SCV  
  26  3:06  Factory Tech Lab, SCV  
  26  3:07  Marine  
  26  3:09  Starport  
  28  3:15  Orbital Command  
  28  3:18  SCV  
  29  3:25  Marine  
  30  3:30  Siege Tank, SCV  
  33  3:36  Engineering Bay  
  33  3:42  SCV x2  
  33  3:47  Marine  
  36  3:52  Medivac  
  36  3:54  SCV x2  
  40  4:04  Marine  
  40  4:06  SCV  
  42  4:10  SCV  
  43  4:19  Barracks  
  43  4:20  Supply Depot, Barracks  
  43  4:21  SCV  
  43  4:22  SCV  
  45  4:33  Supply Depot  
  45  4:34  Supply Depot  
  45  4:35  SCV  
  46  4:41  Refinery  
  46  4:42  Medivac, SCV  
  49  4:46  Siege Tank  
  49  4:48  SCV  
  49  4:50  Missile Turret  
  53  4:54  SCV  
  53  5:20  Siege Tank  
  59  5:38  SCV x2  
  61  5:46  Barracks Tech Lab, Factory  
  61  5:48  Barracks Reactor, Starport Reactor  
  58  5:50  SCV  
  58  5:51  Supply Depot  
  59  5:58  SCV  
Tags
 
Add a new tag
Caveats
  • Supply blocks, unpowered buildings, or Contaminate may cause inaccurate times.
  • Supply counts are checked every 10 seconds.